 Dungeon Crawl Stone Soup version 0.21.0-37-g46506fa (webtiles) character file.

167 tidbits the Charmwright (level 5, -4/43 HPs)
             Began as a Gnoll Skald on Jan 30, 2018.
             Slain by an ice beast (13 damage)
             ... on level 5 of the Dungeon.
             The game lasted 00:08:30 (731 turns).

tidbits the Charmwright (Gnoll Skald)                Turns: 731, Time: 00:08:31

Health: -4/43      AC:  3    Str: 13 (14) XL:     5   Next: 48%
Magic:  3/12       EV: 14    Int: 13 (16) God:
Gold:   59         SH:  0    Dex: 13 (14) Spells: 3/14 levels left

rFire    . . .     SeeInvis .   j - +0 dagger
rCold    . . .     Gourm    .   (no shield)
rNeg     . . .     Faith    .   b - +0 leather armour
rPois    .         Spirit   .   (no helmet)
rElec    .         Reflect  .   (no cloak)
rCorr    .         Harm     .   (no gloves)
MR       .....                  (no boots)
Stlth    ++........             (no amulet)
HPRegen  0.14/turn              (no ring)
MPRegen  0.13/turn              (no ring)

@: very slightly contaminated, invisible
A: distributed training, fangs 1, strong nose
a: no special abilities


You were on level 5 of the Dungeon.
You were very hungry.

You visited 1 branch of the dungeon, and saw 5 of its levels.

You collected 59 gold pieces.

Inventory:

Hand Weapons
 a - a +0 hand axe
 e - a +0 hunting sling
 i - a +0 flail
 j - a +0 dagger (weapon)
 l - a +2 mace of protection
   (You found it on level 2 of the Dungeon)
 p - a +0 spear of piercing
   (You found it on level 2 of the Dungeon)
 q - a +0 dagger
Missiles
 f - 65 sling bullets
 m - 63 arrows
Armour
 b - a +0 leather armour (worn)
Scrolls
 g - a scroll of fear {unknown}
 r - a scroll of teleportation
 s - a scroll of remove curse
Potions
 h - a potion of curing
Books
 c - a book of Battle

   Spells                             Type                      Level
   a - Infusion                       Charms                       1
   b - Shroud of Golubria             Charms/Translocation         2
   c - Song of Slaying                Charms                       2
   d - Spectral Weapon                Hexes/Charms                 3
   e - Regeneration                   Charms/Necromancy            3
Comestibles
 d - 8 rations


   Skills:
 + Level 4.8 Fighting
 + Level 1.4 Short Blades
 + Level 1.4 Long Blades
 + Level 4.8 Axes
 + Level 1.4 Maces & Flails
 + Level 1.4 Polearms
 + Level 1.4 Staves
 + Level 1.4 Slings
 + Level 1.4 Bows
 + Level 1.4 Crossbows
 + Level 1.4 Throwing
 + Level 3.0 Armour
 + Level 4.8 Dodging
 + Level 1.4 Stealth
 + Level 1.4 Shields
 + Level 1.4 Unarmed Combat
 + Level 5.2 Spellcasting
 + Level 1.1 Conjurations
 + Level 1.1 Hexes
 + Level 5.5 Charms
 + Level 1.1 Summonings
 + Level 1.1 Necromancy
 + Level 1.1 Translocations
 + Level 1.1 Transmutations
 + Level 1.1 Fire Magic
 + Level 1.1 Ice Magic
 + Level 1.1 Air Magic
 + Level 1.1 Earth Magic
 + Level 1.1 Poison Magic
 + Level 1.6 Invocations
 + Level 1.4 Evocations


You had 3 spell levels left.
You knew the following spells:

 Your Spells              Type           Power        Failure   Level  Hunger
g - Shroud of Golubria    Chrm/Tloc      ##........   9%          2    ##.....
i - Infusion              Chrm           ###.         2%          1    None
r - Regeneration          Chrm/Necr      ##........   17%         3    ###....
w - Spectral Weapon       Hex/Chrm       ##......     17%         3    ###....
y - Song of Slaying       Chrm           ###.....     3%          2    ##.....


Dungeon Overview and Level Annotations

Branches:
Dungeon (5/15)
 Temple: D:4-7

Altars:
Ru
Trog


Innate Abilities, Weirdness & Mutations

Your experience applies equally to all skills.
You have very sharp teeth.
Your uncanny sense of smell can sniff out nearby items.


Message History

You miscast Regeneration.
You are very lightly contaminated with residual magic.
You sense a malignant aura.
As you read the scroll labeled KOOTAY XODI, it crumbles to dust.
It is a scroll of identify.
s - a scroll of remove curse
As you read the scroll of identify, it crumbles to dust.
r - a scroll of teleportation
Okay, then.
It was a potion of degeneration.
There was something very wrong with that liquid.
You feel weakened.
You feel dopey.
You feel clumsy.
Your spectral weapon fades away.
It was a potion of invisibility.
You fade into invisibility!
Wield which item (- for none, * to show all)? (? for menu, Esc to quit)
j - a +0 dagger (weapon)
The ice beast closely misses you.
You hit the ice beast.
The ice beast is lightly wounded.
The ice beast misses you.
You barely miss the ice beast.
You bite the ice beast, but do no damage.
The ice beast is lightly wounded.
The ice beast barely misses you.
You hit the ice beast but do no damage.
You bite the ice beast, but do no damage.
The ice beast is lightly wounded.
The ice beast misses you.
You hit the ice beast.
The ice beast is moderately wounded.
The ice beast closely misses you.
You hit the ice beast. You bite the ice beast.
The ice beast is moderately wounded.
The ice beast hits you but does no damage.
You hit the ice beast.
The ice beast is heavily wounded.
You hit the ice beast.
The ice beast is heavily wounded.
The ice beast misses you.
You hit the ice beast but do no damage.
The ice beast is heavily wounded.
The ice beast barely misses you.
You hit the ice beast but do no damage.
The ice beast is heavily wounded.
The ice beast hits you but does no damage.
You hit the ice beast but do no damage.
The ice beast is heavily wounded.
The ice beast hits you but does no damage.
You strike the helpless ice beast from behind!
You hit the ice beast.
The ice beast is heavily wounded.
The ice beast closely misses you.
You hit the ice beast.
The ice beast is heavily wounded.
The ice beast barely misses you.
You hit the ice beast.
The ice beast is severely wounded.
The ice beast completely misses you.
You hit the ice beast but do no damage.
The ice beast is severely wounded.
The ice beast barely misses you.
You are feeling very hungry.
You barely miss the ice beast.
The ice beast is severely wounded.
The ice beast closely misses you.
You hit the ice beast but do no damage.
You bite the ice beast, but do no damage.
The ice beast is severely wounded.
The ice beast closely misses you.
You strike the helpless ice beast from behind!
You hit the ice beast.
The ice beast is severely wounded.
The ice beast barely misses you.
You hit the ice beast but do no damage. Your bite misses the ice beast.
The ice beast is severely wounded.
The ice beast hits you but does no damage.
You hit the ice beast but do no damage.
You bite the ice beast, but do no damage.
The ice beast is severely wounded.
The ice beast closely misses you.
You hit the ice beast.
The ice beast is almost dead.
The ice beast closely misses you.
You barely miss the ice beast.
The ice beast is almost dead.
The ice beast hits you. The ice beast freezes you!
* * * LOW HITPOINT WARNING * * *
You hit the ice beast but do no damage.
The ice beast is almost dead.
The ice beast misses you.
You hit the ice beast but do no damage.
The ice beast is almost dead.
The ice beast misses you.
You hit the ice beast.
The ice beast is almost dead.
The ice beast hits you.
* * * LOW HITPOINT WARNING * * *
The ice beast freezes you!
You die...

#..{# ..
......##.########(###.##
......+.............$...
......#..######.....#...
......#..## #...######
..........######.......$
........+.............
#..Y).####....<.....
#..@..+........##...
#.....######.... ...
############.....# #...##
.. #....>..........#....
..... ..
#.#...#########.#.#####.###
. #(..# .# # #. # #...# .#
#. #...# .# #...#


You could see an ice beast.

Vanquished Creatures
  A hound (D:4)
  Terence (D:2)
  A hound skeleton (D:5)
  6 adders
  2 oozes (D:1)
  A leopard gecko (D:1)
  2 ball pythons (D:2)
  A giant cockroach (D:2)
  6 goblins
  4 hobgoblins
  4 kobolds
  A quokka (D:2)
  3 bats
  3 frilled lizards
  2 quokka skeletons
  2 rats (D:2)
40 creatures vanquished.

Notes
Turn   | Place    | Note
-------+----------+-------------------------------------------
     0 | D:1      | tidbits the Gnoll Skald began the quest for the Orb.
     0 | D:1      | Reached XP level 1. HP: 20/20 MP: 6/6
    30 | D:2      | Reached XP level 2. HP: 23/26 MP: 2/7
    34 | D:2      | Learned a level 2 spell: Shroud of Golubria
    40 | D:2      | Learned a level 2 spell: Song of Slaying
   169 | D:1      | Reached skill level 5 in Spellcasting
   169 | D:1      | Reached XP level 3. HP: 24/31 MP: 0/9
   174 | D:1      | Learned a level 3 spell: Regeneration
   178 | D:1      | Learned a level 3 spell: Spectral Weapon
   223 | D:2      | Reached skill level 1 in Invocations
   223 | D:2      | HP: 3/31 [poisoned by an adder]
   225 | D:2      | HP: 1/31 [poisoned by an adder]
   285 | D:2      | Found a bloodstained altar of Trog.
   288 | D:2      | Reached skill level 1 in Short Blades
   288 | D:2      | Reached skill level 1 in Long Blades
   288 | D:2      | Reached skill level 1 in Maces & Flails
   288 | D:2      | Reached skill level 1 in Polearms
   288 | D:2      | Reached skill level 1 in Staves
   288 | D:2      | Reached skill level 1 in Slings
   288 | D:2      | Reached skill level 1 in Bows
   288 | D:2      | Reached skill level 1 in Crossbows
   288 | D:2      | Reached skill level 1 in Throwing
   288 | D:2      | Reached skill level 1 in Stealth
   288 | D:2      | Reached skill level 1 in Shields
   288 | D:2      | Reached skill level 1 in Unarmed Combat
   288 | D:2      | Reached skill level 1 in Evocations
   319 | D:2      | Reached XP level 4. HP: 17/38 MP: 4/11
   329 | D:2      | Noticed Terence
   356 | D:2      | Killed Terence
   356 | D:2      | Reached skill level 1 in Conjurations
   356 | D:2      | Reached skill level 1 in Hexes
   356 | D:2      | Reached skill level 1 in Summonings
   356 | D:2      | Reached skill level 1 in Necromancy
   356 | D:2      | Reached skill level 1 in Translocations
   356 | D:2      | Reached skill level 1 in Transmutations
   356 | D:2      | Reached skill level 1 in Fire Magic
   356 | D:2      | Reached skill level 1 in Ice Magic
   356 | D:2      | Reached skill level 1 in Air Magic
   356 | D:2      | Reached skill level 1 in Earth Magic
   356 | D:2      | Reached skill level 1 in Poison Magic
   551 | D:4      | Found a sacrificial altar of Ru.
   651 | D:4      | Reached XP level 5. HP: 38/43 MP: 8/12
   661 | D:5      | Entered Level 5 of the Dungeon
   669 | D:5      | Noticed a sky beast
   688 | D:5      | Reached skill level 3 in Armour
   701 | D:5      | Noticed an ice beast
   731 | D:5      | Slain by an ice beast

Skill      XL: |  1  2  3  4  5 |
---------------+----------------+-----
Spellcasting   | 5 |  5.2
Invocations    | 1 |  1.6
Short Blades   | 1 |  1.4
Long Blades    | 1 |  1.4
Maces & Flails | 1 |  1.4
Polearms       | 1 |  1.4
Staves         | 1 |  1.4
Slings         | 1 |  1.4
Bows           | 1 |  1.4
Crossbows      | 1 |  1.4
Throwing       | 1 |  1.4
Stealth        | 1 |  1.4
Shields        | 1 |  1.4
Unarmed Combat | 1 |  1.4
Evocations     | 1 |  1.4
Conjurations   | 1 |  1.1
Hexes          | 1 |  1.1
Summonings     | 1 |  1.1
Necromancy     | 1 |  1.1
Translocations | 1 |  1.1
Transmutations | 1 |  1.1
Fire Magic     | 1 |  1.1
Ice Magic      | 1 |  1.1
Air Magic      | 1 |  1.1
Earth Magic    | 1 |  1.1
Poison Magic   | 1 |  1.1
Armour         | 3 |  3.0
Fighting       | |  4.8
Axes           | |  4.8
Dodging        | |  4.8
Charms         | |  5.5

Action                   |  1- 3 |  4- 6 || total
-------------------------+-------+-------++-------
Melee: Hand axe          |    69 |    41 ||   110
       Bite              |     6 |     9 ||    15
       Dagger            |       |    24 ||    24
       Punch             |       |     1 ||     1
 Cast: Infusion          |     7 |       ||     7
       Spectral Weapon   |     3 |    10 ||    13
       Shroud of Golubri |       |     3 ||     3
       Regeneration      |       |     2 ||     2
  Use: Potion            |     4 |     4 ||     8
       Scroll            |       |     2 ||     2
 Stab: Invisible         |       |     2 ||     2
       Distracted        |       |     1 ||     1
Armor: Leather armour    |     9 |     8 ||    17
Dodge: Dodged            |    44 |    53 ||    97

Table legend:
 A = Turns spent in this place as a percentage of turns spent in the entire game.
 B = Non-inter-level travel turns spent in this place as a percentage of non-inter-level travel turns spent in the entire game.
 C = Inter-level travel turns spent in this place as a percentage of turns spent in this place.
 D = Turns resting spent in this place as a percentage of non-inter-level travel turns spent in this place.
 E = Turns spent auto-exploring this place as a percentage of non-inter-level travel turns spent in this place.
 F = Non-inter-level travel turns spent in this place divided by the number of levels of this place that you've seen.
                   A       B       C       D       E      F
               +-------+-------+-------+-------+-------+----------------------
         Total | 100.0 | 100.0 |   0.0 |   0.0 |   0.0 | 146.2
       Dungeon | 100.0 | 100.0 |   0.0 |   0.0 |   0.0 | 146.2
               +-------+-------+-------+-------+-------+----------------------

Table legend:
 A = Kills in this place as a percentage of kills in entire the game.
 B = Kills by you in this place as a percentage of kills by you in the entire game.
 C = Kills by friends in this place as a percentage of kills by friends in the entire game.
 D = Other kills in this place as a percentage of other kills in the entire game.
 E = Experience gained in this place as a percentage of experience gained in the entire game.
 F = Experience gained in this place divided by the number of levels of this place that you have seen.
                   A       B       C       D       E      F
               +-------+-------+-------+-------+-------+----------------------
         Total | 100.0 | 100.0 |   N/A |   N/A | 100.0 |  47.8
       Dungeon | 100.0 | 100.0 |   N/A |   N/A | 100.0 |  47.8
               +-------+-------+-------+-------+-------+----------------------

Vault maps used:
D:1:      nicolae_arrival_washed_ashore, serial_forest,
          infiniplex_forest_clump_medium, infiniplex_forest_lined_room_3,
          infiniplex_forest_lined_3_way, infiniplex_forest_lined_2,
          infiniplex_forest_lined_1, infiniplex_forest_clump_small,
          infiniplex_forest_end_1
D:2:      lightli_temple_of_fire, nicolae_qazlal_general_emergency,
          serial_forest, infiniplex_forest_clump_C, infiniplex_forest_pool,
          infiniplex_forest_zigzag_1, infiniplex_forest_clump_medium,
          infiniplex_forest_clump_double, infiniplex_forest_lined_3_way,
          infiniplex_forest_lined_room_3, infiniplex_forest_zigzag_1,
          uniq_terence
D:3:      marbit_many_paths, grunt_temple_overflow_open, grunt_ministairs_10,
          uniq_ijyb
D:4:      kennysheep_spiral_hall, lemuel_doored_altar
D:5:      cheibrodos_worm_habitat, minmay_temple_entry_butterflies,
          first_ration, grunt_nemelex_the_gamble, uniq_menkaure
